Map: Mothership LE

Players

SCIInewby - Winner!

  • Race: Protoss Protoss
  • League: Master
  • Spawn Location: 1:00

Zakch

  • Race: Terran Terran
  • League: Silver
  • Spawn Location: 6:00

VOD

Have the link to the VOD?

Description

Time

  • Played on: Feb. 5, 2026, 8:47 p.m.
  • Length: 12:56
Show
View Real Time Build Order
Export as new Build Order

SCIInewby Protoss - Winner!

Build Orders: 1 Gate Expand 

Get SALT Encoding   

  12  0:04  Probe  
  13  0:16  Probe  
  14  0:23  Pylon  
  14  0:28  Probe  
  15  0:44  Gateway  
  15  0:46  Probe  
  15  0:47  Pylon  
  16  0:54  Probe  
  16  1:03  Probe  
  18  1:19  Probe  
  19  1:28  Nexus  
  18  1:44  Cybernetics Core  
  18  1:50  Forge  
  18  2:00  Pylon, Probe  
  19  2:08  Assimilator  
  19  2:12  Probe  
  20  2:16  Zealot  
  22  2:24  Probe  
  22  2:27  Pylon  
  23  2:37  Photon Cannon  
  23  2:46  Probe x2  
  23  2:50  Assimilator  
  25  3:03  Photon Cannon  
  25  3:06  Probe  
  25  3:07  Probe  
  27  3:13  Pylon  
  27  3:14  Probe  
  28  3:20  Probe  
  28  3:25  Gateway  
  29  3:30  Assimilator  
  29  3:32  Protoss Ground Weapons Level 1  
  29  3:33  Warp Gate  
  29  3:35  Assimilator  
  29  3:41  Photon Cannon  
  29  3:59  Twilight Council  
  29  4:14  Twilight Council  
  29  4:19  Probe  
  29  4:20  Probe  
  31  4:25  Zealot x2  
  35  4:32  Probe x2  
  37  4:44  Probe  
  38  4:45  Charge  
  38  4:49  Stargate  
  38  4:56  Probe  
  38  4:57  Pylon  
  38  4:58  Pylon  
  39  5:01  Zealot  
  41  5:08  Probe x2  
  43  5:20  Probe  
  44  5:23  Stalker  
  44  5:28  Probe  
  47  5:32  Probe  
  48  5:39  Fleet Beacon  
  48  5:40  Probe  
  49  5:45  Stargate  
  49  5:53  Photon Cannon  
  49  6:00  Zealot  
  49  6:03  Zealot  
  53  6:14  Protoss Air Weapons Level 1  
  53  6:20  Nexus  
  53  6:24  Probe x2  
  55  6:30  Pylon  
  55  6:33  Carrier  
  55  6:46  Probe x2  
  63  6:56  Zealot  
  63  6:58  Probe x2  
  67  7:02  Carrier  
  61  7:10  Probe  
  61  7:11  Stalker  
  62  7:36  Oracle  
  62  7:38  Photon Cannon  
  62  7:41  Photon Cannon  
  62  7:43  Zealot x2  
  69  7:49  Protoss Shields Level 1  
  65  8:03  Oracle  
  61  8:06  Stalker x2  
  61  8:12  Pylon  
  65  8:14  Photon Cannon  
  65  8:19  Carrier  
  74  8:30  Zealot x2  
  67  8:50  Zealot  
  67  8:51  Zealot  
  71  9:02  Forge  
  71  9:05  Gateway  
  71  9:08  Pylon  
  71  9:12  Gateway  
  71  9:13  Carrier  
  71  9:16  Zealot  
  79  9:17  Zealot  
  81  9:29  Gateway  
  81  9:30  Gateway  
  81  9:33  Gateway  
  81  10:00  Pylon  
  69  10:33  Zealot x3  
  69  10:34  Zealot x4  
  83  10:39  Probe x2  
  83  10:40  Probe  
  86  10:49  Blink  
  86  10:51  Probe  
  86  10:52  Probe x2  
  89  11:02  Zealot x2  
  89  11:03  Zealot x3  
  89  11:04  Zealot x2, Probe  
  109  11:11  Carrier  
  109  11:17  Assimilator  
  109  11:19  Assimilator  
  95  11:57  Pylon  
  95  12:03  Zealot x3  
  95  12:04  Zealot x4  
  109  12:24  Zealot x2  
  109  12:25  Zealot x4  
  109  12:26  Zealot  
Show
View Real Time Build Order
Export as new Build Order

Zakch Terran 

Build Orders:  

Get SALT Encoding   

  12  0:13  SCV, Supply Depot  
  13  0:21  Refinery  
  13  0:25  SCV  
  14  0:42  Barracks  
  14  0:45  SCV  
  15  1:03  SCV  
  16  1:24  Supply Depot  
  16  1:27  SCV  
  16  1:32  Supply Depot  
  17  1:37  Barracks, Barracks Reactor  
  17  1:58  Orbital Command  
  17  2:14  Refinery  
  17  2:16  Marine  
  17  2:17  Marine  
  19  2:30  Factory  
  19  2:37  Engineering Bay  
  19  2:39  Marine  
  19  2:40  Marine  
  21  2:47  Barracks Tech Lab  
  21  2:53  SCV  
  22  3:05  SCV, Marine  
  23  3:06  Marine  
  23  3:12  Marauder  
  27  3:19  Concussive Shells  
  27  3:23  Marine  
  27  3:24  Marine  
  29  3:29  Factory Tech Lab  
  29  3:34  Marauder  
  31  3:40  Starport  
  31  3:49  Marine  
  31  3:51  Marine  
  31  3:55  Siege Tank  
  36  4:03  Marine  
  36  4:07  Combat Shield  
  37  4:11  Supply Depot  
  37  4:38  Command Center  
  37  4:44  Liberator  
  40  4:46  Marine  
  41  5:03  SCV  
  42  5:08  Supply Depot  
  42  5:16  Armory  
  42  5:19  Marine x2  
  42  5:20  Marine  
  45  5:24  Terran Infantry Weapons Level 1  
  45  5:51  Refinery  
  45  5:54  Orbital Command  
  45  5:55  Refinery  
  45  6:00  Missile Turret  
  45  6:08  Marine  
  45  6:09  Marine  
  45  6:10  Marauder  
  49  6:19  Bunker  
  49  6:26  Marine  
  50  6:57  Marine x2  
  50  6:58  Marauder  
  49  7:17  Siege Tank  
  52  7:24  SCV  
  52  7:25  SCV  
  54  7:30  Terran Infantry Armor Level 1  
  54  7:34  Terran Vehicle And Ship Armor Level 1  
  54  7:36  SCV  
  55  7:38  SCV  
  56  7:48  SCV  
  56  7:50  SCV  
  58  8:00  Barracks, SCV  
  58  8:04  Supply Depot  
  58  8:05  SCV, Supply Depot  
  58  8:12  SCV  
  59  8:15  Factory  
  59  8:21  Starport  
  59  8:30  Medivac  
  59  8:34  Siege Tank  
  51  9:01  Barracks Reactor  
  51  9:02  Marine x2  
  54  9:03  Marauder  
  54  9:05  Factory Tech Lab  
  54  9:06  Siege Tank  
  54  9:08  Starport Reactor  
  54  9:09  Starport Tech Lab  
  58  9:35  Marine  
  58  9:36  Marauder  
  61  9:48  Ghost Academy  
  61  9:49  SCV, Missile Turret  
  55  10:16  Marine x2  
  55  10:17  Marine  
  51  10:35  Missile Turret  
  48  10:37  Missile Turret x2  
  48  10:40  Missile Turret  
  48  10:44  SCV  
  48  10:45  Marine x3, Missile Turret  
  48  10:46  Ghost, Marine  
  55  10:50  Liberator  
  55  10:51  Liberator  
  55  10:53  Viking  
  63  11:02  Marine  
  63  11:03  Marine x2  
  63  11:04  Marine  
  67  11:14  Ghost  
  67  11:15  SCV  
  70  11:23  Viking  
  72  11:28  Command Center  
  57  11:33  Viking  
  57  11:34  Viking  
Tags
 
Add a new tag
Caveats
  • Supply blocks, unpowered buildings, or Contaminate may cause inaccurate times.
  • Supply counts are checked every 10 seconds.